 Dungeon Crawl Stone Soup version 0.23.2-1-ga50397a6bc (webtiles) character file.

Game seed: 12507195108660627637

194 Ireaine the Ruffian (level 5, -1/54 HPs)
             Began as a Troll Berserker on May 26, 2019.
             Was a Believer of Trog.
             Slain by a hobgoblin
             ... wielding a +0 club
             ... led by Robin
              (2 damage)
             ... on level 2 of the Dungeon.
             The game lasted 00:04:06 (861 turns).

Ireaine the Ruffian (Troll Berserker)                Turns: 861, Time: 00:04:06

Health: -1/54      AC:  6    Str: 26    XL:     5   Next: 44%
Magic:  4/4        EV: 10    Int:  3    God:    Trog [**....]
Gold:   23         SH:  0    Dex:  9    Spells: 4/4 levels left

rFire    . . .     SeeInvis .     - Unarmed
rCold    . . .     Gourm    +   (no shield)
rNeg     . . .     Faith    .   a - +0 animal skin
rPois    .         Spirit   .   (helmet restricted)
rElec    .         Reflect  .   (no cloak)
rCorr    .         Harm     .   (gloves unavailable)
MR       .....                  (boots unavailable)
Stlth    +.........             (no amulet)
HPRegen  0.58/turn              (no ring)
MPRegen  0.09/turn              (no ring)

@: no status effects
A: large, unfitting armour, claws 3, fast metabolism 3, gourmand, regeneration
1, shaggy fur 1, tough skin 3
a: Berserk, Trog's Hand, Renounce Religion


You were on level 2 of the Dungeon.
You worshipped Trog.
Trog was pleased with you.
You were full.

You visited 1 branch of the dungeon, and saw 2 of its levels.

You collected 23 gold pieces.

Inventory:

Armour
 a - a +0 animal skin (worn)
Potions
 c - a potion of flight {unknown}
 e - a potion of haste
Comestibles
 b - 3 rations


   Skills:
 * Level 3.7 Fighting
 + Level 3.1 Dodging
 * Level 4.5 Unarmed Combat


You had 4 spell levels left.
You didn't know any spells.
Your spell library was empty.

Dungeon Overview and Level Annotations

Branches:
Dungeon (2/15)

Altars:

Annotations:
D:2 Robin


Innate Abilities, Weirdness & Mutations

You are too large for most types of armour.
You have claws for hands.
Your metabolism is lightning-fast.
You like to eat raw meat.
Your natural rate of healing is unusually fast.
You are covered in fur. (AC +1)
You have extremely tough skin. (AC +3)


Message History

* * * LOW HITPOINT WARNING * * *
The goblin hits you but does no damage. The goblin hits you with a +0 dagger.
* * * LOW HITPOINT WARNING * * *
The goblin barely misses you. The goblin hits you but does no damage.
The goblin hits you.
* * * LOW HITPOINT WARNING * * *
The goblin hits you but does no damage.
You claw the goblin!
You kill the goblin!
Trog accepts your kill. Robin throws the goblin at you!
The goblin closely misses you. The goblin hits you.
* * * LOW HITPOINT WARNING * * *
The goblin hits you but does no damage. The goblin misses you.
You scratch the goblin.
The goblin is severely wounded.
The goblin hits you with a cursed -1 dagger.
* * * LOW HITPOINT WARNING * * *
The goblin closely misses you. The hobgoblin hits you with a +0 club.
You die...

........#......
........#.....) .....
.................. ...
........>.......... ...
.......................
..............#..#.##.##
......ggg.....##.#.....
.....gg@g........#..#.#
#######gg.....##.....<#
#.........#.....#
#...........#..)##
#.[.......#...#...
########....#...#...#.
..........#...#...#...
.(....##..).#...#...#.
........#.#...#...#...


You could see Robin, a hobgoblin and 6 goblins.

Vanquished Creatures
  Sigmund (D:2)
  An adder (D:2)
  A leopard gecko (D:1)
  A ball python (D:1)
  2 giant cockroaches (D:1)
  7 goblins
  7 hobgoblins (D:1)
  3 jackals (D:1)
  3 bats
  A frilled lizard (D:1)
  5 kobolds
  A rat (D:1)
33 creatures vanquished.

Notes
Turn   | Place    | Note
-------+----------+-------------------------------------------
     0 | D:1      | Ireaine the Troll Berserker began the quest for the Orb.
     0 | D:1      | Reached XP level 1. HP: 22/22 MP: 0/0
    49 | D:1      | Reached XP level 2. HP: 27/29 MP: 1/1
   433 | D:1      | Reached XP level 3. HP: 36/36 MP: 2/2
   807 | D:2      | Noticed Sigmund
   817 | D:2      | Killed Sigmund
   817 | D:2      | Reached skill level 4 in Unarmed Combat
   817 | D:2      | Reached XP level 4. HP: 33/48 MP: 3/3
   817 | D:2      | Reached XP level 5. HP: 37/54 MP: 4/4
   822 | D:2      | Reached ** piety under Trog
   846 | D:2      | Noticed Robin
   860 | D:2      | HP: 2/54 [goblin[Robin] (2)]
   861 | D:2      | Slain by a hobgoblin

Skill      XL: |  1  2  3 |
---------------+----------+-----
Fighting       | 3 |  3.7
Dodging        | 3 |  3.1
Unarmed Combat | 4 |  4.5

Action                   |  1- 3 |  4- 6 || total
-------------------------+-------+-------++-------
Melee: Unarmed           |    77 |    13 ||    90
  Use: Scroll            |     3 |     1 ||     4
  Eat: Chunk             |    10 |       ||    10
Armor: Animal skin       |    37 |    16 ||    53
Dodge: Dodged            |    34 |    20 ||    54
